 Dungeon Crawl Stone Soup version 0.31-a0-210-gccc998df9b (webtiles) character file.

Game seed: 13026318754442892948

197 nono the Trooper (level 5, -3/42 HPs)
             Began as a Vampire Fighter on June 29, 2023.
             Slain by Grinder (6 damage)
             ... while paralysed by Grinder
             ... on level 3 of the Dungeon.
             The game lasted 00:03:36 (2064 turns).

nono the Trooper (Vampire Fighter)                  Turns: 2064, Time: 00:03:36

Health: -3/42      AC:  7    Str: 17    XL:     5   Next: 46%
Magic:  5/5        EV:  2    Int: 10    God:
Gold:   162        SH:  0    Dex: 14    Spells: 4/4 levels left

rFire   . . .        d - +1 short sword (venom)
rCold   . . .        c - +0 buckler
rNeg    . . .        b - +0 scale mail
rPois   .            (no helmet)
rElec   .            (no cloak)
rCorr   .            l - +0 pair of gloves
SInv    +            (no boots)
Will    .....        j - amulet of the acrobat
Stlth   +            (no ring)
HPRegen 0.47/turn    (no ring)
MPRegen 0.09/turn

%: acrobat
@: paralysed, healing quickly
A: alive, fangs 3, see invisible, vampiric 2
a: Exsanguinate


You were on level 3 of the Dungeon.
You visited 1 branch of the dungeon, and saw 3 of its levels.

You collected 162 gold pieces.

Inventory:

Hand Weapons
 a - a +0 long sword
 d - a +1 short sword of venom (weapon)
Armour
 b - a +0 scale mail (worn)
 c - a +0 buckler (worn)
 l - a +0 pair of gloves (worn)
Jewellery
 j - an amulet of the acrobat (around neck)
Wands
 q - a wand of roots (4)
Scrolls
 e - a scroll of summoning {unknown}
 f - 2 scrolls of teleportation {unknown}
 h - a scroll of revelation {unknown}
 i - 2 scrolls of identify {unknown}
 n - 3 scrolls of enchant weapon {unknown}
 o - a scroll of vulnerability {unknown}
 p - a scroll of poison {unknown}
Potions
 g - 2 potions of curing
 k - 3 potions of haste {unknown}
 m - 3 potions of enlightenment {unknown}
 r - a potion of brilliance {unknown}


   Skills:
 * Level 3.8 Fighting
 + Level 3.1 Long Blades
 - Level 2.4 Armour
 * Level 2.9 Dodging
 + Level 3.4 Stealth
 - Level 2.6 Shields


You had 4 spell levels left.
You didn't know any spells.
Your spell library was empty.

Dungeon Overview and Level Annotations

Branches:
Dungeon (3/15)

Altars:

Annotations:
D:3 Grinder


Innate Abilities, Weirdness & Mutations

Your natural rate of healing is accelerated.
You have razor-sharp teeth.
You have supernaturally acute eyesight. (SInv)
You are afflicted with vampirism and can become a bat while bloodless.


Message History

Grinder is lightly wounded.
You block Grinder's attack.
You hit Grinder but do no damage. You bite Grinder.
Grinder is lightly wounded.
Grinder hits you.
You writhe in agony.
You hit Grinder. Your bite misses Grinder.
Grinder is lightly wounded.
Grinder completely misses you.
You closely miss Grinder.
Grinder is lightly wounded.
You block Grinder's attack.
You hit Grinder. Your bite misses Grinder.
Grinder is moderately wounded.
Grinder hits you but does no damage.
You hit Grinder but do no damage.
Grinder is moderately wounded.
Grinder hits you.
You writhe in agony.
You are too injured to fight recklessly!
You are too injured to fight recklessly!
You are too injured to fight recklessly!
You hit Grinder.
Grinder is moderately wounded.
Grinder hits you.
You hit Grinder.
Grinder is heavily wounded.
Grinder barely misses you.
You hit Grinder.
Grinder is heavily wounded.
Grinder barely misses you.
You hit Grinder but do no damage. Your bite misses Grinder.
Grinder is severely wounded.
Grinder hits you!
* * * LOW HITPOINT WARNING * * *
You feel better. Grinder gestures at you.
You suddenly lose the ability to move!
Grinder hits you!
* * * LOW HITPOINT WARNING * * *
You writhe in agony.
You die...

##.#####.#####.# #.#.#
##.#...........# #.#.#
##....##.####### #.#.#
......##.###### #.#.#
.....(........#
...<)...#.....######
#.))................
#.............########.#
###...###.....#.@5.....#
##.######.###.########
.............#
.############ .#


You could see Grinder (poisoned).

Vanquished Creatures
  Natasha (thrice) (D:2)
  2 orc wizards (D:3)
  An adder (D:3)
  3 dart slugs
  A worm (D:2)
  6 orcs (D:3)
  5 ball pythons
  7 endoplasms
  A giant cockroach (D:2)
  4 goblins
  6 hobgoblins
  3 quokkas
  7 bats
  2 frilled lizards (D:1)
  8 kobolds
  3 rats (D:2)
62 creatures vanquished.

Notes
Turn   | Place    | Note
-------+----------+-------------------------------------------
     0 | D:1      | nono the Vampire Fighter began the quest for the Orb.
     0 | D:1      | Reached XP level 1. HP: 17/17 MP: 1/1
   143 | D:1      | Reached skill level 1 in Stealth
   147 | D:1      | Reached XP level 2. HP: 14/23 MP: 2/2
   207 | D:1      | Reached skill level 1 in Dodging
   219 | D:1      | Found a faded altar of an unknown god.
  1050 | D:2      | Noticed Natasha
  1054 | D:2      | HP: 1/23 [poisoned by a kobold]
  1062 | D:2      | Killed Natasha
  1063 | D:2      | Gained mutation: You are afflicted with vampirism and can
                  | become a bat while bloodless. [Vampire growth]
  1063 | D:2      | Reached XP level 3. HP: 6/29 MP: 3/3
  1263 | D:2      | Noticed Natasha
  1272 | D:2      | Killed Natasha
  1273 | D:2      | Reached XP level 4. HP: 28/35 MP: 4/4
  1489 | D:2      | Noticed Natasha
  1493 | D:2      | Killed Natasha
  1806 | D:3      | Reached XP level 5. HP: 41/41 MP: 5/5
  2048 | D:3      | Noticed Grinder
  2063 | D:3      | Paralysed by Grinder for 3 turns
  2064 | D:3      | Slain by Grinder

Illustrated notes

Levels and vault maps discovered:
D:1:      wheals_arrival_linesprint, layout_basic,
          hellmonk_ecumenical_altar_crossroads, kennysheep_flooded_box
D:2:      layout_rooms, uniq_natasha
D:3:      layout_loops_ring, uniq_grinder

Skill      XL: |  1  2  3  4  5 |
---------------+----------------+-----
Stealth        | 1 2 3 |  3.4
Dodging        | 1 2 |  2.9
Fighting       | 3 |  3.8
Long Blades    | 3 |  3.1
Armour         | |  2.4
Shields        | |  2.6

Action                     |  1- 3 |  4- 6 || total
---------------------------+-------+-------++-------
  Melee: Long sword        |    57 |       ||    57
         Bite              |     4 |    11 ||    15
         Short sword       |    23 |   111 ||   134
    Use: Potion            |     2 |     1 ||     3
 Armour: Scale mail        |    31 |    41 ||    72
  Dodge: Dodged            |    37 |    51 ||    88
  Block: Buckler           |    26 |    19 ||    45

Table legend: (Time is in decaauts)
 A = Elapsed time spent in this place.
 B = Non-inter-level travel time spent in this place.
 C = Inter-level travel time spent in this place.
 D = Time resting spent in this place.
 E = Time spent auto-exploring this place.
 F = Levels seen in this place.
 G = Mean time per level.
                   A        B        C        D        E       F      G
               +--------+--------+--------+--------+--------+-----+--------+
         Total |   2077 |   1973 |    104 |     70 |   1483 |   3 |  692.3 |
       Dungeon |   2077 |   1973 |    104 |     70 |   1483 |   3 |  692.3 |
               +--------+--------+--------+--------+--------+-----+--------+

Top non-repeatable levels by time:
     D:1: 1037 daAuts
     D:2: 675 daAuts
     D:3: 365 daAuts
